 Dungeon Crawl Stone Soup version 0.22.1-2-g9c5b331383 (webtiles) character file.

35984 Marnok the Severer (level 13, -4/122 HPs)
             Began as a Minotaur Fighter on Dec 29, 2018.
             Slain by a shock serpent (6 damage)
             ... on level 1 of the Snake Pit.
             The game lasted 00:59:13 (13003 turns).

Marnok the Severer (Minotaur Fighter)              Turns: 13003, Time: 00:59:14

Health: -4/122     AC: 19    Str: 23    XL:     13   Next: 50%
Magic:  12/12      EV:  9    Int:  7    God:
Gold:   819        SH:  9    Dex: 17    Spells: 12/12 levels left

rFire    . . .     SeeInvis .   p - +3 war axe (elec)
rCold    . . .     Gourm    .   h - +2 buckler
rNeg     . . .     Faith    .   q - +1 plate armour
rPois    .         Spirit   .   (helmet restricted)
rElec    .         Reflect  .   e - +1 cloak
rCorr    .         Harm     .   (no gloves)
MR       .....                  (no boots)
Stlth    ..........             D - amulet of the acrobat
HPRegen  0.30/turn              U - +2 ring of intelligence
MPRegen  0.13/turn              l - +4 ring of dexterity

@: about to teleport, very slightly contaminated, invisible
A: retaliatory headbutt, horns 2, mutation resistance 1
a: no special abilities


You were on level 1 of the Snake Pit.
You were not hungry.

You visited 3 branches of the dungeon, and saw 14 of its levels.
You also visited: Sewer, Ossuary and Ice Cave.

You collected 819 gold pieces.

Inventory:

Hand Weapons
 c - a +0 great sword of slicing
 j - a +2 short sword of protection
 m - a +3 scimitar of flaming
 o - a cursed -2 mace
 p - a +3 war axe of electrocution (weapon)
 y - a cursed -2 dagger
 z - a +2 battleaxe of freezing
 E - a +4 dagger
 O - a +3 halberd of freezing
 R - a +2 arbalest of freezing
 S - a +6 great sword of freezing
 T - a +0 short sword of electrocution
 V - a +0 shortbow of flaming
 X - a cursed -3 blowgun
 Z - a +0 war axe of pain
Missiles
 A - 14 tomahawks (quivered)
 N - a throwing net
Armour
 e - a +1 cloak (worn)
 h - a +2 buckler (worn)
 q - a +1 plate armour (worn)
 Q - a +1 animal skin of cold resistance
Magical Staves
 Y - a cursed staff of wizardry {unknown}
Jewellery
 a - an uncursed amulet of faith
 k - an uncursed ring of protection from cold
 l - a +4 ring of dexterity (right hand)
 x - an uncursed ring of stealth
 D - an amulet of the acrobat (around neck)
 P - an uncursed ring of ice
 U - a +2 ring of intelligence (left hand)
Wands
 g - a wand of flame (69)
 s - a wand of digging (19)
 t - a wand of polymorph (13)
 u - a wand of paralysis (34)
 B - a wand of iceblast (7)
 C - a wand of acid (6)
 W - a wand of random effects (15)
Scrolls
 i - 8 scrolls of remove curse
 v - a scroll of fog
 w - 4 scrolls of magic mapping
 G - 2 scrolls of blinking
 I - a scroll of fear
 L - 2 scrolls of teleportation
Potions
 d - a potion of might
 r - a potion of haste
 F - a potion of invisibility
 H - a potion of flight
 K - 2 potions of cancellation
 M - a potion of brilliance
Comestibles
 f - 18 rations


   Skills:
 + Level 13.0 Fighting
 + Level 16.7 Axes
 + Level 12.4 Armour
 + Level 3.8 Dodging
 + Level 2.7 Stealth
 + Level 11.9 Shields
 + Level 0.1 Evocations


You had 12 spell levels left.
You didn't know any spells.
Your spell library contained the following spells:

 Spells                   Type           Power        Failure   Level  Hunger
 Animate Skeleton         Necr           N/A          99%         1    ##.....
 Apportation              Tloc           #.....       99%         1    ##.....
 Confusing Touch          Hex            #.....       99%         1    ##.....
 Corona                   Hex            #......      99%         1    ##.....
 Summon Small Mammal      Summ           #...         99%         1    ##.....
 Ensorcelled Hibernation  Hex/Ice        #.....       100%        2    ###....
 Confuse                  Hex            #.......     100%        3    ####...
 Dazzling Spray           Conj/Hex       #.....       100%        3    ####...
 Gell's Gravitas          Tloc           #.........   100%        3    ####...
 Ignite Poison            Fire/Tmut/Pois #.......     100%        3    ####...
 Portal Projectile        Hex/Tloc       #.....       100%        3    ####...
 Spider Form              Tmut/Pois      #.........   100%        3    ####...
 Tukima's Dance           Hex            #.......     100%        3    ####...
 Leda's Liquefaction      Hex/Erth       #.........   100%        4    #####..
 Petrify                  Tmut/Erth      #.......     100%        4    #####..
 Metabolic Englaciation   Hex/Ice        #.........   100%        5    ######.
 Yara's Violent Unravell  Hex/Tmut       #.........   100%        5    ######.


Dungeon Overview and Level Annotations

Branches:
Dungeon (9/15)             Temple (0/1) D:4            Lair (4/6) D:8
  Snake (1/4) Lair:2
  Swamp: Lair:2-4    Shoals: Lair:2-4       Orc: D:9-12

Altars:
Cheibriados
Dithmenos
Elyvilon
Gozag
Hepliaklqana
Nemelex Xobeh

Annotations:
Lair:1 exclusion: oklob plant


Innate Abilities, Weirdness & Mutations

You reflexively headbutt those who attack you in melee.
You have a pair of horns on your head.
You are somewhat resistant to further mutation.


Message History

* * * LOW HITPOINT WARNING * * *
You fade into invisibility!
The shock serpent barely misses you.
You are very lightly contaminated with residual magic.
The shock serpent barely misses you.
The shock serpent completely misses you.
You furiously retaliate!
You headbutt the shock serpent, but do no damage.
The shock serpent bites you.
* * * LOW HITPOINT WARNING * * *
The shock serpent shocks you!
* * * LOW HITPOINT WARNING * * *
As you read the scroll of teleportation, it crumbles to dust.
You feel strangely unstable. The shock serpent barely misses you.
As you read the scroll of fear, it crumbles to dust.
You assume a fearsome visage.
The naga looks frightened!
The shock serpent resists with some effort.
The shock serpent shoots out a bolt of lightning at you!
The bolt of electricity misses you. The shock serpent bites you.
You die...

#......######.......
#..##### #.###...... .. ##.#
#.# #..#... .# #####
#########.####..... .##...#
##..##.....###..... .....#
#..........#..####.
.####....# #..........##.#
##
..'......###..........##.##
#......##..@........##..##
#.....##.S.........#.#..##
#....##............#.##..##
#...#.....#.........#.###..#
#####..N..##.......†..####..
###.....###......###..#...
###.....)## ###...## ###....
#.........# ###.# ##...
..........### ### ##.#


You could see a shock serpent and a naga (fleeing).

Vanquished Creatures
  A frost giant (IceCv)
  Azrael (Snake:1)
  2 naga warriors (Snake:1)
  2 catoblepae
  4 anacondas (Snake:1)
  A death yak (IceCv)
  A naga sharpshooter (Snake:1)
  A shock serpent (Snake:1)
  A naga ritualist (Snake:1)
  A mana viper (Snake:1)
  2 salamanders (Snake:1)
  7 black mambas
  A torpor snail (Lair:3)
  9 spiny frogs
  4 naga magi (Snake:1)
  3 komodo dragons
  2 rime drakes
  2 ice devils (Lair:1)
  12 polar bears (IceCv)
  A hornet (D:8)
  Grinder (D:4)
  3 hippogriffs
  4 fire elementals (Snake:1)
  30 yaks
  2 basilisks (Lair:1)
  9 nagas
  5 water moccasins
  10 porcupines
  An ice beast (D:8)
  An orc warrior (D:8)
  A phantom (D:8)
  6 ogres
  23 wolves
  A centaur (D:7)
  4 crocodiles
  A big kobold (Sewer)
  9 bullfrogs
  A gnoll sergeant (D:7)
  10 scorpions
  8 killer bees (D:7)
  3 wights (D:8)
  2 centaur zombies
  2 human zombies (Ossuary)
  A centaur skeleton (D:8)
  A hound (D:7)
  3 orc priests
  2 gnoll shamans
  A jelly (D:8)
  12 orc wizards
  An iguana (D:8)
  Ijyb (D:4)
  5 worker ants
  A big kobold zombie (Ossuary)
  2 hound skeletons
  3 mummies (Ossuary)
  2 worker ant zombies
  17 gnolls
  A howler monkey skeleton (D:8)
  7 adders
  A river rat (Sewer)
  4 scorpion zombies (Ossuary)
  A shadow imp (D:8)
  An ooze (D:3)
  3 worms
  3 dart slugs
  2 leopard geckos
  24 orcs
  7 bats
  3 giant cockroaches
  6 goblins
  5 hobgoblins
  19 jackals
  11 kobolds
  3 quokkas
  4 frilled lizards
  3 hobgoblin zombies (Ossuary)
  A leopard gecko zombie (D:8)
  5 orc zombies (Ossuary)
  A quokka skeleton (D:4)
  7 rats
  A fungus (Lair:3)
  A plant (D:8)
371 creatures vanquished.

Vanquished Creatures (others)
  A hobgoblin zombie (Ossuary)
  2 fungi
  8 plants
  5 toadstools (Lair:2)
16 creatures vanquished.

Grand Total: 387 creatures vanquished

Notes
Turn   | Place    | Note
-------+----------+-------------------------------------------
     0 | D:1      | Marnok the Minotaur Fighter began the quest for the Orb.
     0 | D:1      | Reached XP level 1. HP: 19/19 MP: 0/0
    70 | D:2      | Noticed an ogre
   306 | D:1      | Reached XP level 2. HP: 27/27 MP: 1/1
  1059 | D:2      | Killed an ogre
  1059 | D:2      | Reached skill level 3 in Axes
  1059 | D:2      | Reached XP level 3. HP: 6/34 MP: 2/2
  1059 | D:2      | Reached XP level 4. HP: 8/41 MP: 3/3
  1106 | D:2      | Reached skill level 5 in Shields
  1524 | D:2      | Reached XP level 5. HP: 47/47 MP: 4/4
  1752 | D:2      | Gained mutation: You have a pair of large horns on your
                  | head. [potion of mutation]
  1752 | D:2      | Gained mutation: You are surrounded by a mild repulsion
                  | field. (EV +2) [potion of mutation]
  1755 | D:2      | Lost mutation: You have a pair of large horns on your head.
                  | [potion of mutation]
  1755 | D:2      | Lost mutation: You are surrounded by a mild repulsion
                  | field. (EV +2) [potion of mutation]
  1755 | D:2      | Gained mutation: You are somewhat resistant to further
                  | mutation. [potion of mutation]
  1872 | D:3      | Reached skill level 1 in Dodging
  1932 | D:4      | Reached skill level 4 in Axes
  2028 | D:5      | Entered Level 5 of the Dungeon
  2065 | D:4      | Found a snail-covered altar of Cheibriados.
  2091 | D:4      | Reached XP level 6. HP: 55/55 MP: 5/5
  2117 | D:5      | Noticed an ice beast
  2123 | D:4      | Found a shadowy altar of Dithmenos.
  2177 | D:4      | Reached skill level 5 in Armour
  2179 | D:4      | Reached skill level 5 in Fighting
  2179 | D:4      | Reached skill level 5 in Axes
  2194 | D:4      | Noticed Grinder
  2200 | D:4      | Reached XP level 7. HP: 25/61 MP: 6/6
  2207 | D:4      | Killed Grinder
  2207 | D:4      | Reached skill level 6 in Axes
  2291 | D:4      | Noticed Ijyb
  2429 | D:4      | Killed Ijyb
  2590 | D:3      | Reached skill level 7 in Axes
  2709 | D:3      | Found a hazy altar of Hepliaklqana.
  2774 | D:3      | Found a white marble altar of Elyvilon.
  2879 | D:3      | Found an opulent altar of Gozag.
  3291 | D:4      | Found a staircase to the Ecumenical Temple.
  3362 | D:5      | Reached XP level 8. HP: 54/70 MP: 7/7
  3369 | D:5      | Reached skill level 8 in Axes
  3895 | D:6      | Reached skill level 9 in Axes
  3951 | D:6      | Found a glowing drain.
  3962 | Sewer    | Entered a sewer
  4038 | Sewer    | Found a white marble altar of Elyvilon.
  4186 | D:6      | Found an opulent altar of Gozag.
  4595 | D:7      | Found a sparkling altar of Nemelex Xobeh.
  4681 | D:7      | Reached skill level 10 in Axes
  4731 | D:7      | Reached XP level 9. HP: 37/78 MP: 8/8
  5253 | D:8      | Found a sand-covered staircase.
  5262 | Ossuary  | Entered an ossuary
  5277 | Ossuary  | Reached skill level 11 in Axes
  5768 | D:8      | Reached skill level 12 in Axes
  5791 | D:8      | Paralysed by a hornet for 1 turns
  5797 | D:8      | Paralysed by a hornet for 3 turns
  6243 | D:8      | Reached XP level 10. HP: 79/88 MP: 9/9
  6636 | D:8      | Found a staircase to the Lair.
  6650 | Lair:1   | Entered Level 1 of the Lair of Beasts
  6650 | Lair:1   | Noticed a spiny frog
  6650 | Lair:1   | Noticed a spiny frog
  6669 | Lair:1   | Killed a spiny frog
  6671 | Lair:1   | Killed a spiny frog
  6694 | Lair:1   | Reached skill level 13 in Axes
  6869 | Lair:1   | Found a frozen archway.
  6974 | IceCv    | Entered an ice cave
  7152 | IceCv    | Noticed an ice statue
  7314 | IceCv    | Reached XP level 11. HP: 81/97 MP: 10/10
  7404 | IceCv    | Reached skill level 14 in Axes
  7736 | IceCv    | Noticed a death yak
  7759 | IceCv    | Killed a death yak
  7759 | IceCv    | Reached skill level 10 in Fighting
  7796 | IceCv    | Reached skill level 10 in Armour
  7983 | IceCv    | Noticed a frost giant
  7997 | IceCv    | Killed a frost giant
  7997 | IceCv    | Reached skill level 15 in Axes
  7997 | IceCv    | Reached skill level 10 in Shields
  8089 | IceCv    | Identified the Papyrus of Contamination and Beguiling
  8367 | Lair:1   | Reached XP level 12. HP: 84/108 MP: 11/11
  9381 | Lair:3   | Noticed a catoblepas
  9395 | Lair:3   | Killed a catoblepas
  9694 | Lair:3   | Reached skill level 16 in Axes
 10087 | Lair:2   | Noticed a catoblepas
 10105 | Lair:2   | Killed a catoblepas
 10455 | Lair:2   | Found a staircase to the Snake Pit.
 10597 | Snake:1  | Entered Level 1 of the Snake Pit
 10646 | Snake:1  | Noticed an anaconda
 10648 | Snake:1  | Noticed an anaconda
 10657 | Snake:1  | Killed an anaconda
 10658 | Snake:1  | Killed an anaconda
 10664 | Snake:1  | Reached skill level 1 in Stealth
 10691 | Snake:1  | Reached XP level 13. HP: 35/119 MP: 12/12
 11299 | Snake:1  | Noticed Azrael
 11331 | Snake:1  | Killed Azrael
 13001 | Snake:1  | HP: 1/122 [shock serpent (12)]
 13003 | Snake:1  | Slain by a shock serpent

Skill      XL: |  1  2  3  4  5  6  7  8  9 10 11 12 13 |
---------------+----------------------------------------+-----
Shields        | 4 5 6 7 8 10 11 | 11.9
Fighting       | 4 5 6 7 9 10 12 13 | 13.0
Axes           | 3 4 5 7 10 12 13 15 16 | 16.7
Armour         | 4 5 6 7 9 10 11 12 | 12.4
Dodging        | 1 2 3 |  3.8
Stealth        | 1 2 |  2.7
Evocations     | |  0.1

Action                   |  1- 3 |  4- 6 |  7- 9 | 10-12 | 13-15 || total
-------------------------+-------+-------+-------+-------+-------++-------
Melee: War axe           |    51 |   100 |   261 |   441 |   132 ||   985
       Headbutt          |    10 |    20 |    56 |   112 |    25 ||   223
Evoke: Wand              |       |       |       |       |     1 ||     1
  Use: Scroll            |       |     6 |     3 |    14 |     5 ||    28
       Potion            |       |     6 |     3 |    16 |     4 ||    29
 Stab: Invisible         |       |       |       |       |     8 ||     8
  Eat: Chunk             |       |     4 |     6 |    10 |       ||    20
       Ration            |       |       |     2 |     2 |     2 ||     6
Armor: Scale mail        |    32 |    22 |       |       |       ||    54
       Plate armour      |       |    15 |   146 |   202 |    43 ||   406
Dodge: Dodged            |    21 |    26 |    88 |   142 |    43 ||   320
Block: Shield            |    48 |    22 |       |       |       ||    70
       Buckler           |       |    13 |   110 |   179 |    52 ||   354
